 Dungeon Crawl Stone Soup version 0.31-a0-702-gf82c85558f (webtiles) character file.

Game seed: 5374480219959708433

311 qw the Shooter (level 6, -5/37 HPs)
             Began as a Gargoyle Hunter on Sept 8, 2023.
             Slain by a gnoll
             ... wielding a +0 flail
              (7 damage)
             ... on level 3 of the Dungeon.
             The game lasted 00:00:47 (2174 turns).

qw the Shooter (Gargoyle Hunter)                    Turns: 2174, Time: 00:00:48

Health: -5/37      AC:  7    Str: 15      XL:     6   Next: 42%
Magic:  6/6        EV: 11    Int:  8 (9)  God:
Gold:   152        SH:  0    Dex: 15      Spells: 5/5 levels left

rFire   . . .        Y - +0 shortbow
rCold   . . .        (shield currently unavailable)
rNeg    + . .        c - +0 leather armour
rPois   inf          (no helmet)
rElec   +            (no cloak)
rCorr   .            (no gloves)
SInv    .            (no boots)
Will    .....        (no amulet)
Stlth   ++           (no ring)
HPRegen 0.26/turn    (no ring)
MPRegen 0.10/turn

%: no passive effects
@: no status effects
A: sickness immunity, AC +4, negative energy resistance 1, electricity
resistance, torment resistance 1, petrification resistance
a: no special abilities


You were on level 3 of the Dungeon.
You visited 1 branch of the dungeon, and saw 3 of its levels.

You collected 152 gold pieces.


Innate Abilities, Weirdness & Mutations

You are immune to sickness and miasma.
Your stone body is resilient. (AC +4)
You are immune to poison.
You resist negative energy. (rN+)
You are resistant to electric shocks. (rElec)
You are resistant to unholy torment.
You are immune to petrification.


   Skills:
 + Level 3.1 Fighting
 - Level 7.2 Ranged Weapons
 - Level 1.5 Dodging
 - Level 1.1 Stealth


You had 5 spell levels left.
You didn't know any spells.
Your spell library was empty.

Inventory:

Hand Weapons
 Y - a +0 shortbow (weapon)
Armour
 c - a +0 leather armour (worn)
Scrolls
 g - a scroll of fear {unknown}
Potions
 b - 2 potions of curing
 d - a potion of enlightenment {unknown}
 e - a potion of ambrosia {unknown}
 f - a potion of attraction {unknown}
 h - a potion of heal wounds {unknown}

Dungeon Overview and Level Annotations

Branches:
Dungeon (3/15)

Altars:
Cheibriados

Shops:
D:2 [

Annotations:
D:3 Sigmund


Message History

You shoot an arrow. The arrow hits the dart slug.
The dart slug is almost dead.
You shoot an arrow. The arrow hits the dart slug!
You kill the dart slug!
A jackal comes into view.
Things that are here:
a +0 whip; a kobold corpse You shoot an arrow.
The arrow closely misses the jackal.
You hear a shout!
You shoot an arrow. The arrow hits the jackal.
You kill the jackal!
Sigmund the Dreaded comes into view.
He is wielding a +0 scythe.
You shoot an arrow. The arrow closely misses Sigmund.
A gnoll comes into view. It is wielding a +0 flail.
You shoot an arrow. The arrow hits Sigmund!
Sigmund is moderately wounded.
Sigmund hits you from afar with a +0 scythe.
You shoot an arrow. The arrow closely misses Sigmund.
Sigmund hits you but does no damage.
You shoot an arrow. The arrow hits Sigmund.
Sigmund is heavily wounded.
You shoot an arrow. The arrow closely misses the gnoll.
The gnoll hits you with a +0 flail. Sigmund barely misses you.
You shoot an arrow.
The arrow hits the gnoll but does no damage.
The gnoll hits you with a +0 flail. Sigmund gestures at you while chanting.
The puff of flame hits you!
You shoot an arrow. The arrow hits the gnoll.
The gnoll is lightly wounded.
The gnoll hits you with a +0 flail! Sigmund closely misses you.
You shoot an arrow. The arrow completely misses the gnoll.
The gnoll hits you with a +0 flail! Sigmund barely misses you.
The gnoll barely misses you.
You shoot an arrow. The arrow barely misses the gnoll.
The gnoll closely misses you.
You shoot an arrow. The arrow barely misses the gnoll.
Sigmund hits you from afar with a +0 scythe.
The gnoll hits you with a +0 flail!
You die...

#. 8## #. ... .. .. #
#. .. #.##.##% .....
#.g# #.@#####
##......######
...%.@...........#
..........%...##.#
#...##...........#.##.#
#...##...#.###.....##.#
+........#.......####.#
................####.#
#.......##.##...##...#


You could see Sigmund and a gnoll.

Vanquished Creatures
  Grinder (D:3)
  A mummy (D:3)
  5 adders (D:2)
  A dart slug (D:3)
  An orc (D:3)
  4 bats
  6 endoplasms
  2 giant cockroaches
  8 hobgoblins
  A jackal (D:3)
  A quokka (D:2)
  4 ball pythons
  3 frilled lizards
  6 goblins
  6 kobolds
  3 rats
53 creatures vanquished.

Notes
Turn   | Place    | Note
-------+----------+-------------------------------------------
     0 | D:1      | qw the Gargoyle Hunter began the quest for the Orb.
     0 | D:1      | Reached XP level 1. HP: 12/12 MP: 1/1
     0 | D:1      | 0 ||| qw: Version: 0.3-a-76-g4403597
     0 | D:1      | 0 ||| qw: Game counter: 1111
     0 | D:1      | 0 ||| qw: Melee chars always use a shield: true
     0 | D:1      | 0 ||| qw: God list: Okawaru
     0 | D:1      | 0 ||| qw: Allow faded altars: false
     0 | D:1      | 0 ||| qw: Do Orc after clearing Dungeon:15 true
     0 | D:1      | 0 ||| qw: Do second Lair branch before Depths: true
     0 | D:1      | 0 ||| qw: Lair rune preference: random
     0 | D:1      | 0 ||| qw: Goals: Normal
     0 | D:1      | 0 ||| PLANNING D:1-11
   201 | D:1      | Reached XP level 2. HP: 17/17 MP: 2/2
   750 | D:1      | 750 ||| READING 2 scrolls labelled DUNYMIUFOS.
   751 | D:1      | 751 ||| READING scroll labelled XIOLATW CENNOX.
   752 | D:1      | 752 ||| DRINKING 2 lumpy blue potions.
   753 | D:1      | 753 ||| DRINKING 2 fuming clear potions.
   779 | D:1      | 779 ||| DRINKING 2 lumpy puce potions.
   780 | D:1      | 780 ||| DROPPING scroll of immolation.
   781 | D:1      | 781 ||| DROPPING scroll of butterflies.
   782 | D:1      | 782 ||| DROPPING potion of magic.
   783 | D:1      | 783 ||| DROPPING potion of lignification.
   784 | D:1      | 784 ||| DROPPING potion of degeneration.
   816 | D:2      | Found Utezximm's Antique Armour Emporium.
   822 | D:2      | 822 ||| SHOPLISTING embroidered robe (99 gold, have 43).
   822 | D:2      | 822 ||| SHOPLISTING glowing cloak (202 gold, have 43).
   822 | D:2      | 822 ||| SHOPLISTING pair of runed gloves (202 gold, have
                  | 43).
   822 | D:2      | 822 ||| SHOPLISTING ring mail (108 gold, have 43).
   856 | D:2      | Reached skill level 5 in Ranged Weapons
   856 | D:2      | Reached XP level 3. HP: 7/21 MP: 3/3
  1035 | D:2      | Reached skill level 3 in Fighting
  1160 | D:2      | Reached XP level 4. HP: 28/28 MP: 4/4
  1516 | D:2      | Identified the +3 spear of Xag Bokh {freeze, rElec Int+2}
  1643 | D:2      | 1643 ||| READING 2 scrolls labelled XIUM DUEVVI.
  1648 | D:2      | 1648 ||| READING scroll labelled BAINIHE NERCH.
  1649 | D:2      | 1649 ||| DRINKING 3 yellow potions.
  1870 | D:3      | Found a snail-covered altar of Cheibriados.
  1881 | D:3      | HP: 2/28 [mummy (15)]
  1882 | D:3      | 1882 ||| READING scroll of teleportation.
  1992 | D:3      | Noticed Grinder
  2001 | D:3      | Paralysed by Grinder for 2 turns
  2010 | D:3      | Killed Grinder
  2011 | D:3      | Reached skill level 7 in Ranged Weapons
  2011 | D:3      | Reached XP level 5. HP: 13/32 MP: 5/5
  2011 | D:3      | Reached XP level 6. HP: 15/37 MP: 6/6
  2164 | D:3      | Noticed Sigmund
  2172 | D:3      | HP: 3/37 [gnoll/+0 flail (8)]
  2174 | D:3      | Slain by a gnoll

Levels and vault maps discovered:
D:1:      lemuel_arrival_funnel, layout_basic
D:2:      layout_loops_ring, serial_shops, nicolae_shop_trees,
          minmay_pentomino_pile
D:3:      layout_basic, slow_altar_1, nrook_mini_backslash, st_stairs_6,
          uniq_sigmund, uniq_grinder

Skill      XL: |  1  2  3  4 |
---------------+-------------+-----
Ranged Weapons | 5 7 |  7.2
Fighting       | 3 |  3.1
Dodging        | |  1.5
Stealth        | |  1.1

Action                     |  1- 3 |  4- 6 || total
---------------------------+-------+-------++-------
   Fire: Shortbow          |   104 |    92 ||   196
    Use: Potion            |     3 |     1 ||     4
         Scroll            |     2 |     3 ||     5
 Armour: Leather armour    |    39 |    25 ||    64
  Dodge: Dodged            |    44 |    13 ||    57

Table legend:
 A = Non-vault XP
 B = Vault XP
 C = Vault XP percentage of total XP
 D = Non-vault monster count
 E = Vault monster count
 F = Vault count percentage of total count
                 A         B        C        D         E       F
            +---------+---------+-------+---------+---------+-------
      Total |     124 |     321 |  72.1 |      47 |       6 |  11.3
            +---------+---------+-------+---------+---------+-------
        D:1 |      29 |       0 |   0.0 |      19 |       0 |   0.0
        D:2 |      71 |      17 |  19.3 |      15 |       4 |  21.1
        D:3 |      24 |     304 |  92.7 |      13 |       2 |  13.3
            +---------+---------+-------+---------+---------+-------
